cohdb
Replays
Latest Replays
All Replays
Popular Replays
Top Player Replays
Match Explorer
How It Works
Community
CoH3 Stats
Reddit
Sign in to upload your games and track your stats! →
Sign in with Steam
Match 38764201
Unlisted
Match 38764201
Overview
Messages
Build Orders
End
Royal Engineer Section
Construct Section Command Post
Selects Air and Sea Battlegroup
Infantry Section
Infantry Section
Grenade Package
Construct Platoon Command Post
Vickers Machine Gun Team
Selects Commando Section Paradrop
Construct Field Infirmary
6-pounder Anti-tank Gun Team
Humber Armored Car
Selects M1 Pack Howitzer Paradrop
M1 Pack Howitzer Paradrop
Construct Company Command Post
Unlock M3 Grant Medium Tanks
Selects Incendiary Bombing Run
6-pounder Anti-tank Gun Team
M3 Grant Medium Tank
Incendiary Bombing Run
Royal Engineer Section
M3 Grant Medium Tank
M3 Grant Medium Tank
Selects Naval Blockade
6-pounder Anti-tank Gun Team
M3 Grant Medium Tank
matjouz
Sarmynation
Don Gambino
Popcorn
0
0
Comments
sign in to comment!
No comments posted yet!